 Dungeon Crawl Stone Soup version 0.29-a0-492-g10b964d8d7 (webtiles) character file.

Game seed: 10080467077476797931

241 Ijustatesigmund the Firebug (level 6, 0/44 HPs)
             Began as a Gnoll Fire Elementalist on May 27, 2022.
             Slain by a gnoll shaman
             ... wielding a +0 whip
              (7 damage)
             ... on level 6 of the Dungeon.
             The game lasted 00:05:18 (3035 turns).

Ijustatesigmund the Firebug (GnFE)                  Turns: 3035, Time: 00:05:19

Health: 0/44       AC:  3    Str:  8    XL:     6   Next: 8%
Magic:  13/13      EV: 13    Int: 16    God:
Gold:   184        SH:  0    Dex: 12    Spells: 12/15 levels left

rFire   . . .      SeeInvis +   j - +2 spear (vorpal)
rCold   . . .      Faith    .   (no shield)
rNeg    . . .      Spirit   .   a - +1 robe
rPois   .          Reflect  .   (no helmet)
rElec   .          Harm     .   i - scarf {shadows}
rCorr   .          Rampage  .   (no gloves)
Will    .....                   (no boots)
Stlth   +.........              (no amulet)
HPRegen 0.14/turn               d - ring of see invisible
MPRegen 0.13/turn               (no ring)

@: confused, lit by a corona, ambrosia-drunk, glowing, invisible (but backlit
and visible)
A: fangs 1, strong nose, distributed training
a: no special abilities


You were on level 6 of the Dungeon.
You visited 1 branch of the dungeon, and saw 5 of its levels.

You collected 184 gold pieces.

Inventory:

Hand Weapons
 j - a +2 vorpal spear (weapon)
Armour
 a - a +1 robe (worn)
 i - a scarf of shadows (worn)
Jewellery
 d - a ring of see invisible (left hand)
Scrolls
 c - 2 scrolls of brand weapon
 f - 5 scrolls of identify
Potions
 b - a potion of magic
 e - 2 potions of might
 h - a potion of haste {unknown}
 k - a potion of attraction {unknown}
 l - a potion of brilliance
 r - a potion of mutation {unknown}


   Skills:
 + Level 1.8 Fighting
 + Level 1.8 Short Blades
 + Level 1.8 Long Blades
 + Level 1.8 Axes
 + Level 1.8 Maces & Flails
 + Level 1.8 Polearms
 + Level 1.8 Staves
 + Level 1.8 Slings
 + Level 1.8 Bows
 + Level 1.8 Crossbows
 + Level 1.8 Throwing
 + Level 1.8 Armour
 + Level 4.9 Dodging
 + Level 4.5 Stealth
 + Level 1.8 Shields
 + Level 1.8 Unarmed Combat
 + Level 5.3 Spellcasting
 + Level 2.5 Conjurations
 + Level 1.4 Hexes
 + Level 1.4 Summonings
 + Level 1.4 Necromancy
 + Level 1.4 Translocations
 + Level 1.4 Transmutations
 + Level 5.6 Fire Magic
 + Level 1.4 Ice Magic
 + Level 1.4 Air Magic
 + Level 1.4 Earth Magic
 + Level 1.4 Poison Magic
 + Level 2.0 Invocations
 + Level 1.8 Evocations


You had 12 spell levels left.
You knew the following spells:

 Your Spells              Type           Power      Damage    Failure   Level
a - Foxfire               Conj/Fire      68%        2x1d7     2%          1
b - Scorch                Fire           44%        2d7       2%          2

Your spell library contained the following spells:

 Spells                   Type           Power      Damage    Failure   Level
 Conjure Flame            Conj/Fire      17%        6-21      9%          3
 Inner Flame              Hex/Fire       15%        N/A       11%         3
 Dazzling Flash           Conj/Hex       20%        N/A       21%         3
 Tukima's Dance           Hex            8%         N/A       26%         3
 Flame Wave               Conj/Fire      17%        2d6       26%         4
 Passage of Golubria      Tloc           8%         N/A       63%         4
 Agony                    Necr           8%         N/A       93%         5
 Silence                  Hex/Air        4%         N/A       93%         5
 Yara's Violent Unravell  Hex/Tmut       4%         3d4       93%         5


Dungeon Overview and Level Annotations

Branches:
Dungeon (6/15)
 Temple: D:4-7

Altars:


Innate Abilities, Weirdness & Mutations

You have very sharp teeth.
Your uncanny sense of smell can sniff out nearby items.
Your experience applies equally to all skills.


Message History

You barely miss the gnoll shaman.
The black bear growls angrily.
You bite the gnoll shaman, but do no damage.
The gnoll shaman is heavily wounded.
You hear a shout!
The gnoll shaman is no longer more vulnerable to fire.
An orc comes into view. It is wielding a +0 hand axe.
The gnoll shaman calls down the wrath of its god upon you.
You resist with some effort.
You hit the gnoll shaman.
You bite the gnoll shaman, but do no damage.
The gnoll shaman is severely wounded.
The gnoll closely misses you.
The gnoll shaman hits you with a +0 whip!
You hit the gnoll shaman.
You bite the gnoll shaman, but do no damage.
The gnoll shaman is almost dead.
The gnoll hits you from afar with a +0 spear.
* * * LOW HITPOINT WARNING * * *
The gnoll shaman hits you with a +0 whip.
* * * LOW HITPOINT WARNING * * *
The gnoll misses you.
You are confused.
You feel invigorated.
The gnoll hits you from afar with a +0 spear!
* * * LOW HITPOINT WARNING * * *
The gnoll shaman calls down the wrath of its god upon you.
You feel strangely conspicuous.
You bump into the rock wall.
The gnoll hits you from afar with a +0 spear.
* * * LOW HITPOINT WARNING * * *
The gnoll shaman calls upon its god to heal the gnoll.
The gnoll's wounds heal themselves!
The gnoll barely misses you.
You hear an angry growl.
You miss the gnoll shaman.
The gnoll shaman is almost dead.
The gnoll hits you from afar with a +0 spear.
* * * LOW HITPOINT WARNING * * *
The gnoll shaman hits you with a +0 whip!
You die...

#.### ##.....##
#.#.## ##.......##
#....####.........##
#.......'.........+.
##...####......>..##
#####.######.......##
#.........###.....##
#.###.###.# ##...##
#@# ##+## #g#


gg# #o## .o ##. #. You could see a gnoll shaman, an orc wizard, 2 gnolls and an
orc.

Vanquished Creatures
  An ogre (D:4)
  A hound (D:3)
  A gnoll (D:6)
  6 adders
  A worm (D:3)
  4 orcs (D:4)
  4 ball pythons
  5 bats
  4 endoplasms
  5 giant cockroaches
  4 goblins
  5 hobgoblins
  4 jackals (D:3)
  4 kobolds
  3 quokkas
  4 frilled lizards
  6 rats
62 creatures vanquished.

Vanquished Creatures (others)
  97 foxfires
97 creatures vanquished.

Grand Total: 159 creatures vanquished

Notes
Turn   | Place    | Note
-------+----------+-------------------------------------------
     0 | D:1      | Ijustatesigmund the Gnoll Fire Elementalist began the quest
                  | for the Orb.
     0 | D:1      | Reached XP level 1. HP: 13/13 MP: 6/6
   188 | D:1      | Reached XP level 2. HP: 19/19 MP: 2/7
   412 | D:1      | Learned a level 2 spell: Scorch
   948 | D:2      | Reached XP level 3. HP: 24/25 MP: 9/9
   969 | D:2      | Reached skill level 5 in Spellcasting
  1149 | D:2      | Reached skill level 1 in Invocations
  1203 | D:2      | Found a faded altar of an unknown god.
  1515 | D:3      | Reached skill level 1 in Fighting
  1515 | D:3      | Reached skill level 1 in Short Blades
  1515 | D:3      | Reached skill level 1 in Long Blades
  1515 | D:3      | Reached skill level 1 in Axes
  1515 | D:3      | Reached skill level 1 in Maces & Flails
  1515 | D:3      | Reached skill level 1 in Polearms
  1515 | D:3      | Reached skill level 1 in Staves
  1515 | D:3      | Reached skill level 1 in Slings
  1515 | D:3      | Reached skill level 1 in Bows
  1515 | D:3      | Reached skill level 1 in Crossbows
  1515 | D:3      | Reached skill level 1 in Throwing
  1515 | D:3      | Reached skill level 1 in Armour
  1515 | D:3      | Reached skill level 1 in Shields
  1515 | D:3      | Reached skill level 1 in Unarmed Combat
  1515 | D:3      | Reached skill level 1 in Evocations
  1515 | D:3      | Reached XP level 4. HP: 31/32 MP: 8/11
  2244 | D:3      | Reached skill level 1 in Hexes
  2244 | D:3      | Reached skill level 1 in Summonings
  2244 | D:3      | Reached skill level 1 in Necromancy
  2244 | D:3      | Reached skill level 1 in Translocations
  2244 | D:3      | Reached skill level 1 in Transmutations
  2244 | D:3      | Reached skill level 1 in Ice Magic
  2244 | D:3      | Reached skill level 1 in Air Magic
  2244 | D:3      | Reached skill level 1 in Earth Magic
  2244 | D:3      | Reached skill level 1 in Poison Magic
  2431 | D:4      | Noticed an ogre
  2448 | D:4      | Reached XP level 5. HP: 37/37 MP: 12/12
  2452 | D:4      | Killed an ogre
  2775 | D:4      | You fall into a shaft and drop 2 floors!
  2805 | D:6      | Reached XP level 6. HP: 44/44 MP: 7/13
  2976 | D:6      | Noticed a sky beast
  3028 | D:6      | Noticed a black bear
  3033 | D:6      | HP: 1/44 [gnoll/+0 spear[a gnoll shaman] (8)]
  3035 | D:6      | Slain by a gnoll shaman

Illustrated notes

Levels and vault maps discovered:
D:1:      lemuel_arrival_muddy, layout_rooms
D:2:      layout_basic, basic_ecumenical_altar
D:3:      layout_loops_ring, grunt_ministairs_15, kennysheep_cross_room,
          chequers_serial_rivers_micro_c, kennysheep_generic_room_9
D:4:      layout_basic, mainiacjoe_overflow_24_doors, minmay_temple_entry_ruins,
          minmay_fractal_squares_gapless_5, uniq_duvessa
D:6:      lemuel_castle_with_subvaults [lemuel_castle_interior_carwin_2],
          layout_loops_corners, uniq_grinder

Skill      XL: |  1  2  3  4  5 |
---------------+----------------+-----
Conjurations   | 2 |  2.5
Spellcasting   | 5 |  5.3
Invocations    | 1 2 |  2.0
Fighting       | 1 |  1.8
Short Blades   | 1 |  1.8
Long Blades    | 1 |  1.8
Axes           | 1 |  1.8
Maces & Flails | 1 |  1.8
Polearms       | 1 |  1.8
Staves         | 1 |  1.8
Slings         | 1 |  1.8
Bows           | 1 |  1.8
Crossbows      | 1 |  1.8
Throwing       | 1 |  1.8
Armour         | 1 |  1.8
Shields        | 1 |  1.8
Unarmed Combat | 1 |  1.8
Evocations     | 1 |  1.8
Hexes          | 1 |  1.4
Summonings     | 1 |  1.4
Necromancy     | 1 |  1.4
Translocations | 1 |  1.4
Transmutations | 1 |  1.4
Ice Magic      | 1 |  1.4
Air Magic      | 1 |  1.4
Earth Magic    | 1 |  1.4
Poison Magic   | 1 |  1.4
Dodging        | |  4.9
Stealth        | |  4.5
Fire Magic     | |  5.6

Action                   |  1- 3 |  4- 6 || total
-------------------------+-------+-------++-------
Melee: Spear             |    22 |    62 ||    84
       Bite              |     2 |     9 ||    11
 Cast: Foxfire           |    46 |    14 ||    60
       Scorch            |       |     9 ||     9
  Use: Scroll            |     2 |    10 ||    12
       Potion            |       |     4 ||     4
 Stab: Sleeping          |     4 |     6 ||    10
       Invisible         |       |     3 ||     3
Armor: Robe              |     3 |     7 ||    10
Dodge: Dodged            |    22 |    41 ||    63

Table legend: (Time is in decaauts)
 A = Elapsed time spent in this place.
 B = Non-inter-level travel time spent in this place.
 C = Inter-level travel time spent in this place.
 D = Time resting spent in this place.
 E = Time spent auto-exploring this place.
 F = Levels seen in this place.
 G = Mean time per level.
                   A        B        C        D        E       F      G
               +--------+--------+--------+--------+--------+-----+--------+
         Total |   3039 |   2889 |    150 |    298 |   2105 |   5 |  607.8 |
       Dungeon |   3039 |   2889 |    150 |    298 |   2105 |   5 |  607.8 |
               +--------+--------+--------+--------+--------+-----+--------+

Top non-repeatable levels by time:
     D:3: 963 daAuts
     D:1: 899 daAuts
     D:2: 510 daAuts
     D:4: 406 daAuts
     D:6: 259 daAuts
